 Dungeon Crawl Stone Soup version 0.31.0-9-g3a7656b989 (webtiles) character file.

Game seed: 12655063143694802404

18393 Zeor the Gouger (level 12, -9/65 HPs)
             Began as a Felid Shapeshifter on Jan 24, 2024.
             Was an Elder of Wu Jian.
             Mangled by a blink frog (12 damage)
             ... on level 1 of the Lair of Beasts.
             The game lasted 00:44:12 (10545 turns).

Zeor the Gouger (Felid Shapeshifter)               Turns: 10545, Time: 00:44:13

Health: -9/65      AC:  3    Str: 10    XL:     12   Next: 27%
Magic:  13/13      EV: 37    Int: 18    God:    Wu Jian [****..]
Gold:   384        SH:  0    Dex: 20    Spells: 10/11 levels left
                                        Lives:  0   Deaths: 4

rFire   . .          .
                       - Unarmed
rCold   + . .        (shield unavailable)
rNeg    . . .        (body armour unavailable)
rPois   +            (helmet unavailable)
rElec   .            (cloak unavailable)
rCorr   +            (gloves unavailable)
SInv    +            (boots unavailable)
Will    +....        u - amulet "Cocudgh" {Regen+ Int+3}
Stlth   ++           g - +4 ring of slaying
HPRegen 1.10/turn    H - ring "Otipup" {rPois rCorr}
MPRegen 0.13/turn

%: no passive effects
@: flux-form, in a heavenly storm, glowing
A: glow, contaminating, very small, claws 1, fangs 3, see invisible, shaggy fur
3, stealthy paws, no weapons or thrown items, no armour, multi-lived
a: Begin Untransformation, Renounce Religion, Wall Jump, Serpent's Lash


You were on level 1 of the Lair of Beasts.
You worshipped Wu Jian.
Wu Jian was greatly pleased with you.
You were something dangerously unstable.
You visited 3 branches of the dungeon, and saw 12 of its levels.
You also visited: Sewer and Bailey.

You collected 566 gold pieces.
You spent 182 gold pieces at shops.

Inventory:

Jewellery
 g - a +4 ring of slaying (left paw)
 r - a ring of fire
 u - the amulet "Cocudgh" (around neck) {Regen+ Int+3}
   (You took it off a deep elf pyromancer on level 10 of the Dungeon)

   [amulet of regeneration]

   Int+3:     It affects your intelligence (+3).
   Regen+:    It increases your rate of health regeneration.
 C - the amulet "Ziam" {Reflect -Tele rPois Will+ Regen+ SH+5}
   (You acquired it in a bailey)

   [amulet of reflection]

   Reflect:   It reflects blocked missile attacks.
   rPois:     It protects you from poison Will+: It increases your willpower.
   -Tele:     It prevents most forms of teleportation.
   Regen+:    It increases your rate of health regeneration.
   SH+5:      It affects your SH (+5).
 F - the ring of Zazoleor {Fly rElec rPois Will- Dex+6}
   (You took it off a deep elf pyromancer on level 10 of the Dungeon)

   [ring of poison resistance]

   Dex+6:     It affects your dexterity (+6).
   rElec:     It insulates you from electricity.
   rPois:     It protects you from poison Will-: It decreases your willpower.
   Fly:       It grants you flight.
 G - the ring of the Mertaur {^Contam rElec rC+ Int+2}
   (You found it on level 10 of the Dungeon)

   [ring of protection from cold]

   Int+2:     It affects your intelligence (+2).
   rC+:       It protects you from cold.
   rElec:     It insulates you from electricity.
   ^Contam:   It causes magical contamination when unequipped.
 H - the ring "Otipup" (right paw) {rPois rCorr}
   (You found it on level 10 of the Dungeon)

   [ring of resist corrosion]

   rPois:     It protects you from poison rCorr: It protects you from acid and
   corrosion.
Talismans
 b - a beast talisman
 c - a flux talisman (active)
Wands
 f - a wand of flame (18)
 k - a wand of iceblast (22)
 o - a wand of polymorph (4)
 s - a wand of acid (5)
 y - a wand of mindburst (7)
Scrolls
 a - 2 scrolls of poison
 i - 4 scrolls of vulnerability
 l - 2 scrolls of immolation
 m - 3 scrolls of teleportation
 v - 3 scrolls of revelation
 w - 2 scrolls of amnesia
 x - 3 scrolls of identify
 z - a scroll of torment
 A - a scroll of fear
Potions
 d - 2 potions of curing
 e - a potion of attraction
 h - 2 potions of enlightenment
 j - 6 potions of invisibility
 n - 4 potions of mutation
 p - 5 potions of resistance
 q - a potion of might
 t - 2 potions of cancellation
 B - 5 potions of haste
 D - a potion of magic
 E - 2 potions of brilliance


   Skills:
 * Level 8.3 Fighting
 * Level 9.7 Dodging
 + Level 9.8 Stealth
 + Level 12.8 Unarmed Combat
 * Level 8.8 Shapeshifting


You had 10 spell levels left.
You knew the following spells:

 Your Spells              Type           Power      Damage    Failure   Level
s - Shock                 Conj/Air       0%         1d3       22%         1

Your spell library contained the following spells:

 Spells                   Type           Power      Damage    Failure   Level
 Freeze                   Ice            0%         1d3       22%         1
 Frozen Ramparts          Ice            0%         1d1       54%         3
 Hailstorm                Conj/Ice       0%         3d5       54%         3
 Swiftness                Air            0%         N/A       54%         3
 Airstrike                Air            0%         2d(0-16)  91%         4
 Leda's Liquefaction      Alch/Erth      0%         N/A       91%         4
 Petrify                  Alch/Erth      0%         N/A       91%         4
 Metabolic Englaciation   Hex/Ice        0%         N/A       99%         5


Dungeon Overview and Level Annotations

Branches:
Dungeon (10/15)            Temple (1/1) D:5            Lair (1/5) D:10
    Orc (0/2) D:10          Sewer (visited)          Bailey (visited)

Altars:
Ashenzari
Cheibriados
Dithmenos
Elyvilon
Fedhas
Gozag
Hepliaklqana
Kikubaaqudgha
Makhleb
Nemelex Xobeh
Okawaru
Qazlal
Ru
Sif Muna
Trog
Uskayaw
Vehumet
Wu Jian
Xom
Yredelemnul
Zin
The Shining One

Shops:
D:7 !

Annotations:
D:5 3 runed translucent doors, exclusion: door, tdog's ghost, novice SpBr
D:8 2 runed translucent doors, Fractals's ghost, novice TeCj


Innate Abilities, Weirdness & Mutations

You are something dangerously unstable.
You glow with magical radiation, making you easy to see and hit.
Foes you strike become dangerously contaminated with magical radiation.
You have sharp claws.
You have razor-sharp teeth.
You have supernaturally acute eyesight. (SInv)
Your thick and shaggy fur keeps you warm. (AC +3, rC+)
Your paws help you pounce on unaware monsters.
You are incapable of wielding weapons or throwing items.
You cannot wear armour.
You gain extra lives every three experience levels.


Message History

The blink frog completely misses you. The blink frog misses you. x2
You scratch the blink frog.
The blink frog glows dangerously bright.
The blink frog is heavily wounded.
The blink frog barely misses you. The blink frog completely misses you.
The blink frog barely misses you.
You claw the basilisk!
The basilisk begins to glow.
The basilisk is moderately wounded.
The blink frog closely misses you.
The blink frog completely misses you. x3
You claw the basilisk!
The basilisk glows dangerously bright.
The basilisk is severely wounded.
The blink frog completely misses you. x2; The blink frog barely misses you.
The basilisk completely misses you.
You claw the basilisk!
The basilisk shudders as magic cascades through it!!
You kill the basilisk!
The Council accepts your kill. The blink frog misses you.
The blink frog blinks!
The blink frog closely misses you.
You enter the shallow water.
Moving in this stuff is going to be slow.
You spin and attack the blink frog repeatedly.
Your unstable footing causes you to fumble your attack.
You claw the blink frog!
The blink frog shudders as magic cascades through it!!
You kill the blink frog!
The Council accepts your kill.
You spin and attack the blink frog repeatedly.
Your unstable footing causes you to fumble your attack.
You barely miss the blink frog.
The blink frog is moderately wounded.
The blink frog hits you!!
* * * LOW HITPOINT WARNING * * *
Things that are here:
a basilisk corpse; a polar bear corpse You spin and attack the blink frog.
You claw the blink frog!
The blink frog glows dangerously bright.
The blink frog is severely wounded.
The blink frog hits you!
You die...

∙∙▒▒∙∙∙∙∙∙ ∙∙∙
∙∙∙▒∙∙∙∙∙∙▒▒▒▒∙∙∙∙
∙∙∙∙∙~≈~~≈∙▒∙P∙∙∙▒
▒∙∙~~~≈≈~~∙∙∙∙∙∙∙
▒▒∙≈~≈F≈≈≈≈~∙∙∙∙∙∙
▒∙≈≈≈≈≈≈≈≈≈~∙∙∙∙∙∙
▒∙~~≈~°°☼○#°#∙∙∙∙∙
▒∙~~~≈∙~○F°#°∙∙∙∙∙
▒≈∙≈∙○°°Fp▒∙∙^∙∙
▒▒∙∙∙°°°°▒▒ ∙∙∙
▒▒P▒°°°▒▒ ∙ ▒
▒∙∙▒▒ ▒▒▒▒


You could see 2 blink frogs.

Vanquished Creatures
  Harold (D:10)
  3 centaur warriors (D:10)
  3 two-headed ogres
  A boulder beetle (D:10)
  An orc knight (Bailey)
  Pikel (D:7)
  2 deep elf pyromancers (D:10)
  An ugly thing (D:10)
  A meliai (shapeshifter) (D:10)
  Maggie (D:9)
  A cane toad (Lair:1)
  An unseen horror (D:5)
  A komodo dragon (D:8)
  A polar bear (Lair:1)
  3 trolls (D:10)
  3 hornets
  2 blink frogs (Lair:1)
  Grinder (D:6)
  A wyvern (D:7)
  Sigmund (D:4)
  A slime creature (D:10)
  Eustachio (D:4)
  A vampire (D:10)
  A yak (shapeshifter) (D:10)
  5 yaks
  A basilisk (Lair:1)
  2 steam dragons
  3 water moccasins
  5 orc warriors
  3 ice beasts
  An ogre (D:6)
  4 centaurs
  2 wolves (D:10)
  A lemure (D:7)
  2 phantoms
  Blork the orc (D:6)
  6 kobold brigands
  A bullfrog (shapeshifter) (D:10)
  3 bullfrogs
  A brain worm (Sewer)
  3 gnoll sergeants
  10 scorpions
  8 wights
  5 killer bees
  4 howler monkeys
  4 bombardier beetles
  4 hounds
  2 orc priests
  2 jellies
  3 iguanas
  9 orc wizards
  21 gnolls
  4 adders
  3 river rats (Sewer)
  3 white imps
  A dart slug (D:1)
  6 ribbon worms
  45 orcs
  5 ball pythons
  5 bats
  10 endoplasms
  6 giant cockroaches
  6 goblins
  7 hobgoblins
  6 jackals
  2 quokkas
  3 frilled lizards
  10 kobolds
  12 rats
284 creatures vanquished.

Vanquished Creatures (collateral kills)
  6 yaks (D:9)
6 creatures vanquished.

Vanquished Creatures (others)
  A yak (D:10)
1 creature vanquished.

Grand Total: 291 creatures vanquished

Notes
Turn   | Place    | Note
-------+----------+-------------------------------------------
     0 | D:1      | Zeor the Felid Shapeshifter began the quest for the Orb.
     0 | D:1      | Reached XP level 1. HP: 10/10 MP: 2/2
   171 | D:1      | Reached XP level 2. HP: 10/14 MP: 3/3
  1084 | D:2      | Reached XP level 3. HP: 18/18 MP: 4/4
  1134 | D:2      | Found the +6 shillelagh "Devastator" {shatter}
  1140 | D:2      | MEOW
  1140 | D:2      | MEOEWF
  1152 | D:2      | MOW
  1152 | D:2      | mgask
  1153 | D:2      | f
  1324 | D:2      | Found a shadowy altar of Dithmenos.
  1674 | D:3      | Found a faded altar of an unknown god.
  1801 | D:3      | Reached XP level 4. HP: 23/23 MP: 5/5
  1801 | D:3      | Gained a life (2 lives remaining)
  1905 | D:3      | Reached skill level 4 in Unarmed Combat
  2725 | D:4      | Noticed Sigmund
  2725 | D:4      | Noticed a scorpion
  2726 | D:4      | Killed a scorpion
  2727 | D:4      | Reached skill level 1 in Stealth
  2727 | D:4      | Reached XP level 5. HP: 26/26 MP: 6/6
  2777 | D:4      | Slain by Sigmund
  2777 | D:4      | Lost a life (1 life remaining)
  2786 | D:4      | Killed Sigmund
  2787 | D:4      | Reached skill level 5 in Unarmed Combat
  2787 | D:4      | Gained mutation: You are covered in thick fur. (AC +2)
                  | [Felid growth]
  2787 | D:4      | Reached XP level 6. HP: 23/32 MP: 7/7
  2830 | D:4      | Noticed Eustachio
  2865 | D:4      | Killed Eustachio
  2866 | D:4      | Reached XP level 7. HP: 23/35 MP: 8/8
  2866 | D:4      | Gained a life (2 lives remaining)
  2881 | D:4      | Reached skill level 6 in Unarmed Combat
  3172 | D:4      | Found a shadowy altar of Dithmenos.
  3270 | D:5      | Entered Level 5 of the Dungeon
  3306 | D:5      | Found a runed translucent gate.
  3307 | D:5      | Found a runed translucent gate.
  3311 | D:5      | Found a runed translucent gate.
  3313 | D:5      | Noticed tdog's ghost (novice SpBr)
  3435 | D:5      | Found a staircase to the Ecumenical Temple.
  3455 | D:5      | Reached skill level 7 in Unarmed Combat
  3476 | Temple   | Entered the Ecumenical Temple
  3494 | Temple   | Became a worshipper of the Wu Jian Council
  3578 | D:5      | Reached XP level 8. HP: 39/41 MP: 9/9
  3648 | D:5      | Found a glowing drain.
  3663 | Sewer    | Entered a sewer
  3797 | Sewer    | Reached * piety under Wu Jian
  4565 | Sewer    | Reached skill level 8 in Unarmed Combat
  4858 | D:5      | Reached skill level 5 in Shapeshifting
  4958 | D:5      | Noticed an unseen horror
  4962 | D:5      | Killed an unseen horror
  4963 | D:5      | Reached skill level 5 in Dodging
  5212 | D:6      | Reached XP level 9. HP: 46/46 MP: 10/10
  5279 | D:6      | Noticed Blork the orc
  5292 | D:6      | Killed Blork the orc
  5327 | D:6      | Reached skill level 5 in Fighting
  5363 | D:6      | Reached skill level 9 in Unarmed Combat
  5430 | D:6      | Found a broken altar of Ashenzari.
  5505 | D:6      | Reached skill level 5 in Stealth
  5574 | D:6      | Noticed Grinder
  5576 | D:6      | Killed Grinder
  5610 | D:6      | Reached ** piety under Wu Jian
  5969 | D:7      | Noticed Pikel
  5977 | D:7      | Killed Pikel
  6070 | D:7      | Reached XP level 10. HP: 53/53 MP: 11/11
  6106 | D:7      | Reached skill level 10 in Unarmed Combat
  6433 | D:7      | Found a hide-covered altar of Uskayaw.
  6433 | D:7      | Found a sparkling altar of Nemelex Xobeh.
  6498 | D:7      | Found Ympugh's Distillery.
  6505 | D:7      | Bought a potion of heal wounds for 70 gold pieces
  6505 | D:7      | Bought a potion of cancellation for 112 gold pieces
  6650 | D:8      | Found a radiant altar of Vehumet.
  6941 | D:8      | Found a large runed translucent door.
  6984 | D:8      | Found a large runed translucent door.
  6986 | D:8      | Noticed Fractals's ghost (novice TeCj)
  7044 | D:8      | Reached *** piety under Wu Jian
  7361 | D:9      | Found a stormy altar of Qazlal.
  7368 | D:9      | Learned a level 1 spell: Shock
  7501 | D:9      | Identified the +0 pair of gloves of the Learner {rCorr
                  | Str+5}
  7759 | D:9      | Paralysed by a hornet for 3 turns
  7760 | D:9      | Slain by a hornet
  7760 | D:9      | Lost a life (1 life remaining)
  7788 | D:9      | Found a shimmering blue altar of Sif Muna.
  7844 | D:9      | Reached skill level 11 in Unarmed Combat
  8090 | D:9      | Found a hazy altar of Hepliaklqana.
  8097 | D:9      | Noticed Maggie
  8101 | D:9      | Killed Maggie
  8102 | D:9      | Reached XP level 11. HP: 58/58 MP: 12/12
  8102 | D:9      | Gained a life (2 lives remaining)
  8106 | D:9      | Noticed a two-headed ogre
  8110 | D:9      | Killed a two-headed ogre
  8301 | D:9      | Paralysed by a hornet for 2 turns
  8307 | D:9      | HP: 2/58 [orc wizard/+0 war axe (10)]
  8308 | D:9      | Succumbed to a hornet's poison
  8308 | D:9      | Lost a life (1 life remaining)
  8476 | D:10     | Entered Level 10 of the Dungeon
  8502 | D:10     | Reached **** piety under Wu Jian
  8566 | D:10     | Found a staircase to the Lair.
  8742 | D:10     | Found a flagged portal.
  8753 | Bailey   | Entered a bailey
  8986 | Bailey   | Noticed an orc knight
  8995 | Bailey   | Killed an orc knight
  9028 | Bailey   | Acquired the amulet "Ziam" {Reflect -Tele rPois Will+
                  | Regen+ SH+5}
  9192 | D:10     | Noticed Harold
  9202 | D:10     | Killed Harold
  9305 | D:10     | Found a runed translucent door.
  9305 | D:10     | Noticed a cyan ugly thing
  9307 | D:10     | Found a runed translucent door.
  9307 | D:10     | Noticed a boulder beetle
  9331 | D:10     | Noticed a centaur warrior
  9332 | D:10     | Noticed a centaur warrior
  9337 | D:10     | Killed a white ugly thing
  9343 | D:10     | Noticed a centaur warrior
  9354 | D:10     | Killed a centaur warrior
  9359 | D:10     | Shot with an arrow by a centaur warrior
  9359 | D:10     | Lost a life (0 lives remaining)
  9364 | D:10     | haha dang
  9364 | D:10     | meow
  9364 | D:10     | this is dumb
  9391 | D:10     | Found a staircase to the Orcish Mines.
  9440 | D:10     | Found an iron altar of Okawaru.
  9566 | D:10     | Killed a centaur warrior
  9567 | D:10     | Reached skill level 12 in Unarmed Combat
  9571 | D:10     | Identified the ring of Zazoleor {Fly rElec rPois Will-
                  | Dex+6}
  9571 | D:10     | Noticed a deep elf pyromancer
  9582 | D:10     | Killed a deep elf pyromancer
  9590 | D:10     | Identified the amulet "Cocudgh" {Regen+ Int+3}
  9590 | D:10     | Noticed a deep elf pyromancer
  9602 | D:10     | Killed a deep elf pyromancer
  9606 | D:10     | for the record i've kind of mentally checked out here
  9633 | D:10     | HP: 1/60 [troll (8)]
  9663 | D:10     | Identified the ring of the Mertaur {^Contam rElec rC+
                  | Int+2}
  9666 | D:10     | Identified the ring "Otipup" {rPois rCorr}
  9698 | D:10     | figth cat something hgfdlk
  9699 | D:10     | Killed a centaur warrior
  9950 | D:10     | Gained mutation: Your thick and shaggy fur keeps you warm.
                  | (AC +3, rC+) [Felid growth]
  9950 | D:10     | Reached XP level 12. HP: 60/64 MP: 13/13
  9968 | D:10     | Killed a boulder beetle
  9997 | D:10     | Noticed a two-headed ogre
 10005 | D:10     | Killed a two-headed ogre
 10037 | D:10     | Noticed a two-headed ogre
 10050 | D:10     | Killed a two-headed ogre
 10526 | Lair:1   | Entered Level 1 of the Lair of Beasts
 10537 | Lair:1   | Reached ***** piety under Wu Jian
 10544 | Lair:1   | HP: 1/65 [blink frog (19)]
 10545 | Lair:1   | Mangled by a blink frog

Illustrated notes ▒∙∙∙∙∙∙▒▒∙∙∙▒▒▒ ▒∙∙∙∙∙∙∙∙∙∙∙∙∙▒▒ ▒▒▒▒▒∙∙∙∙∙∙▒▒∙∙▒▒▒▒ ▒∙∙∙∙∙∙▒▒▒∙∙∙∙▒▒ ▒∙∙∙∙∙∙▒ ▒▒▒▒∙∙▒ ▒∙∙∙∙∙∙▒▒▒▒▒▒▒'▒▒▒▒ ▒∙∙∙∙∙∙▒▒∙∙∙∙∙∙∙∙∙▒ ▒∙∙∙∙∙∙▒▒∙∙∙∙∙∙∙▒∙▒ ▒▒▒▒▒▒▒▒▒∙∙∙∙∙∙∙∙∙∙ ∙∙∙∙∙∙▒▒▒∙∙÷∙∙∙∙∙∙∙∙∙∙∙∙∙∙∙ ▒∙∙∙∙∙∙)∙[[▒∙∙∙∙∙∙∙P∙∙∙▒∙▒ ▒∙∙∙∙▒▒▒∙∙∙▒▒∙∙∙∙∙∙∙∙∙▒▒∙▒ ▒∙∙∙∙▒▒▒∙∙∙▒▒▒▒∙∙∙∙∙▒▒▒▒∙▒ ▒▒▒▒∙∙∙∙∙∙∙∙∙∙∙∙∙▒∙▒∙∙∙∙∙ ∙∙■ ▒∙∙∙∙∙∙∙∙∙∙∙∙∙∙∙∙∙∙∙∙∙∙∙∙∙∙∙▒ ▒∙∙∙∙∙∙∙▒▒∙∙∙∙∙∙∙∙∙∙∙∙∙∙∙∙∙∙∙ Turn 9364 on D:10: haha dang

▒▒▒▒▒▒▒∙)∙∙∙∙<∙∙∙∙▒▒▒▒∙∙∙∙∙
▒▒∙†∙∙∙∙∙∙∙∙▒▒∙∙∙∙∙∙∙
▒∙)∙∙∙∙∙∙∙∙▒∙∙∙∙∙∙∙∙
▒∙∙)∙▒▒▒∙∙∙∙∙∙∙∙∙∙∙∙
▒▒▒▒∙∙∙∙∙∙∙∙∙∙∙∙∙∙∙∙>∙∙
∙∙∙∙∙∙∙∙)▒▒▒∙∙∙∙∙∙∙∙∙∙∙∙
▒▒▒▒▒∙∙∙∙∙∙)∙[[▒∙∙∙∙∙∙∙P
▒∙)∙∙▒▒▒∙∙∙▒▒∙∙∙∙∙∙∙
▒∙∙p∙▒▒▒∙∙∙▒▒▒▒∙∙∙∙∙
▒▒▒▒∙∙∙∙∙∙∙∙∙∙∙∙∙▒∙▒∙∙∙
▒∙∙∙∙∙∙∙∙∙∙∙∙∙∙∙∙∙∙∙∙∙∙
▒∙∙∙∙∙∙∙▒▒∙∙∙∙∙∙∙∙∙∙∙∙∙
▒▒▒▒▒∙∙∙∙∙∙▒▒▒∙'▒▒▒▒▒▒▒▒▒▒▒
▒>∙∙∙∙∙∙∙∙∙∙∙▒∙▒∙∙∙∙∙∙∙∙
▒∙∙∙∙∙∙∙∙∙∙∙∙∙∙▒∙▒▒▒▒▒▒▒
▒∙∙∙∙∙∙∙∙∙∙∙▒▒∙▒▒∙▒∙∙▒▒▒
▒∙∙∙∙∙∙∙∙∙∙∙▒▒∙∙▒∙†∙∙†)▒


Turn 9606 on D:10: for the record i've kind of mentally checked out here
▒∙)∙∙▒▒▒∙∙∙▒▒∙∙∙∙∙∙∙∙∙▒▒∙▒▒ ▒∙∙∙∙▒▒▒∙∙∙▒▒▒▒∙∙∙∙∙▒▒▒▒∙▒▒
▒▒▒▒∙∙∙∙∙∙∙∙∙∙∙∙∙▒∙▒∙∙∙∙∙ ∙∙■∙ ▒∙∙∙∙∙∙∙∙∙∙∙∙∙∙∙∙∙∙∙∙∙∙∙∙∙∙∙▒∙
▒∙∙∙∙∙∙∙▒▒∙∙∙∙∙∙∙∙∙∙∙∙∙∙∙∙∙∙∙∙ ▒▒▒▒∙∙∙∙∙∙▒▒▒∙[▒▒▒▒▒▒▒▒▒▒▒▒▒▒▒▒▒▒
>∙∙∙∙∙∙∙∙∙∙∙▒∙▒∙∙∙∙∙∙∙∙ ∙ ∙∙∙∙∙∙∙∙∙∙∙∙∙∙▒∙▒▒▒▒▒▒▒ ∙▒
∙∙∙∙∙∙∙∙∙∙∙▒▒∙▒▒p▒∙∙▒▒▒▒∙▒▒∙▒ ∙∙∙∙∙∙∙∙∙∙∙▒▒∙∙▒c÷∙∙÷)▒∙∙∙∙▒
▒▒▒▒'▒▒▒▒▒▒▒▒▒∙▒▒▒∙∙▒∙∙▒▒ ▒∙▒ ▒∙∙▒▒▒▒▒∙▒∙▒ ▒∙▒ ▒▒∙▒▒∙∙∙▒∙▒▒ ▒∙▒ ▒∙∙▒∙▒▒∙▒∙▒ ▒∙▒
▒▒∙▒▒ ▒▒∙▒▒ ∙ ▒▒▒▒'▒▒▒ ▒▒▒▒∙∙▒ ∙∙▒ ▒∙∙ ∙∙∙∙∙∙∙▒ ▒∙∙∙∙∙▒▒∙▒ ▒▒∙▒ Turn 9698 on
D:10: figth cat something hgfdlk

Levels and vault maps discovered:
D:1:      dpeg_arrival_radiant, layout_basic, minmay_ruptured
D:2:      layout_basic, basic_altar
D:3:      layout_loops_ring, serial_aquarium, aquarium_bridge_straight
          [aquarium_subvault_bridge, aquarium_subvault_balcony,
          aquarium_subvault_bridge, aquarium_subvault_wall],
          aquarium_bridge_long_joined [aquarium_subvault_window,
          aquarium_subvault_wall, aquarium_subvault_bridge,
          aquarium_subvault_bridge, aquarium_subvault_wall,
          aquarium_subvault_wall], aquarium_window_corridor_1,
          aquarium_window_2, aquarium_view_2c, aquarium_balcony_1a,
          aquarium_pool_split, shapermc_ecumenical_altar_notcrosses,
          chequers_arboretum
D:4:      layout_rooms, lemuel_crystal_altar, uniq_eustachio, uniq_sigmund
D:5:      cheibrodos_two_vegetables, layout_loops_ring,
          minmay_temple_entry_sparse_star, portal_sewer_entry_a,
          biasface_ghost_orc_armoury
D:6:      layout_loops_cross, mainiacjoe_overflow_alcove_1, uniq_blork_the_orc,
          uniq_grinder
D:7:      layout_basic, gammafunk_temple_overflow_elements, serial_shops,
          nicolae_shop_just_a_little_nook, hangedman_decor_slide_cut,
          st_stairs_10, chequers_serial_rivers_micro_a, uniq_pikel
D:8:      cheibrodos_elevator_heist, layout_rooms,
          nicolae_overflow_crystal_walls, ebering_ghost_disaster_area
D:9:      layout_roguey, mainiacjoe_overflow_six_doors_small,
          mainiacjoe_overflow_alcove_2, general_overflow_altar, kennysheep_nub,
          uniq_maggie
D:10:     minmay_the_grid_triangle_9x9_recursive_2_mashed
          [minmay_the_grid_triangle_9x9_prize_special,
          minmay_the_grid_triangle_9x9_tough_junction,
          minmay_the_grid_triangle_9x9_checkered,
          minmay_the_grid_triangle_9x9_skeleton], layout_basic,
          mainiacjoe_overflow_alcove_4, erik_lair_orcish_takeover, orc_0_dummy,
          enter_bailey_1, uniq_harold
Temple:   nicolae_temple_bog_church
Lair:1:   lemuel_ratsnest, layout_cave_pods, basic_altar, lemuel_fruit_fields,
          lemuel_fruit_tree, infiniplex_staircase_pool, uniq_gastronok,
          uniq_sonja

Skill      XL: |  1  2  3  4  5  6  7  8  9 10 11 |
---------------+----------------------------------+-----
Shapeshifting  | 3 4 5 6 7 8 |  8.8
Dodging        | 3 4 5 6 9 |  9.7
Fighting       | 2 3 4 5 7 8 |  8.3
Unarmed Combat | 4 5 7 8 9 11 12 | 12.8
Stealth        | 1 2 3 4 7 8 9 |  9.8

Action                     |  1- 3 |  4- 6 |  7- 9 | 10-12 || total
---------------------------+-------+-------+-------+-------++-------
  Melee: Unarmed           |    74 |    67 |   276 |   426 ||   843
         Bite              |     6 |     8 |    23 |    61 ||    98
         Punch             |       |     3 |     8 |     5 ||    16
 Invoke: Serpent's Lash    |       |       |       |     1 ||     1
         Heavenly Storm    |       |       |       |     1 ||     1
Ability: Begin Untransform |     1 |       |       |       ||     1
         Lunge             |       |       |    29 |    50 ||    79
         Whirlwind         |       |       |     3 |    55 ||    58
         Wall Jump         |       |       |       |     8 ||     8
  Evoke: Wand              |       |       |       |     1 ||     1
    Use: Scroll            |     8 |     6 |     4 |     9 ||    27
         Potion            |       |     4 |       |     4 ||     8
   Stab: Sleeping          |     2 |     3 |    14 |    20 ||    39
         Distracted        |       |       |     4 |     1 ||     5
 Armour: Skin              |    23 |    62 |    52 |   119 ||   256
  Dodge: Dodged            |    52 |    43 |   157 |   335 ||   587
  Block: Other             |       |       |       |     7 ||     7
         Reflection        |       |       |       |     2 ||     2
   Form: Beast             |     1 |       |       |       ||     1
         Flux              |       |       |       |     1 ||     1
